 Dungeon Crawl Stone Soup version 0.31-a0-844-gdc52ec4e09 (webtiles) character file.

Game seed: 10882490260633498297

166 Kurtz the Chopper (level 5, -1/36 HPs)
             Began as an Octopode Fighter on Oct 1, 2023.
             Slain by an orc
             ... wielding a +0 short sword
              (4 damage)
             ... on level 4 of the Dungeon.
             The game lasted 00:01:17 (2076 turns).

Kurtz the Chopper (Octopode Fighter)                Turns: 2076, Time: 00:01:18

Health: -1/36      AC:  1    Str: 17    XL:     5   Next: 47%
Magic:  5/5        EV: 13    Int: 10    God:
Gold:   50         SH:  4    Dex: 12    Spells: 4/4 levels left

rFire   . . .        a - +0 war axe
rCold   . . .        b - +0 buckler
rNeg    . . .        (helmet restricted)
rPois   .            (no amulet)
rElec   .            (no ring)
rCorr   .            (no ring)
SInv    .            (no ring)
Will    .....        (no ring)
Stlth   ++           (no ring)
HPRegen 0.26/turn    (no ring)
MPRegen 0.09/turn    (no ring)
                     (no ring)

%: no passive effects
@: no status effects
A: almost no armour, amphibious, 8 rings, camouflage 1, gelatinous body 1,
(nimble swimmer 1), tentacles
a: no special abilities


You were on level 4 of the Dungeon.
You visited 1 branch of the dungeon, and saw 4 of its levels.

You collected 50 gold pieces.

Inventory:

Hand Weapons
 a - a +0 war axe (weapon)
Armour
 b - a +0 buckler (worn)
Jewellery
 e - a ring of poison resistance
Wands
 o - a wand of flame (28)
Scrolls
 f - 3 scrolls of identify {unknown}
 g - a scroll of noise {unknown}
 i - a scroll of teleportation {unknown}
 l - a scroll of fog {unknown}
 m - a scroll of enchant armour {unknown}
Potions
 c - a potion of might
 h - 2 potions of brilliance {unknown}
 j - a potion of lignification {unknown}
 k - a potion of heal wounds {unknown}
 n - a potion of magic {unknown}


   Skills:
 - Level 3.0 Fighting
 * Level 5.5 Axes
 - Level 3.0 Dodging
 - Level 3.0 Shields


You had 4 spell levels left.
You didn't know any spells.
Your spell library contained the following spells:

 Spells                   Type           Power      Damage    Failure   Level
 Apportation              Tloc           0%         N/A       43%         1
 Jinxbite                 Hex            0%         N/A       58%         2
 Alistair's Intoxication  Tmut/Pois      0%         N/A       100%        5


Dungeon Overview and Level Annotations

Branches:
Dungeon (4/15)
 Temple: D:4-7

Altars:

Shops:
D:2 (

Annotations:
D:2 Sigmund


Innate Abilities, Weirdness & Mutations

You cannot wear most types of armour.
You are amphibious.
You can wear up to eight rings at the same time.
Your skin changes colour to match your surroundings (Stealth+).
Your rubbery body absorbs attacks. (AC +1, EV +1)
((You are camouflaged when in or above water. (Stealth+)))
You have tentacles for arms and can constrict up to eight enemies at once.


Message History

Unknown command.
There is a stone staircase leading down here.
You climb downwards.
The orc shouts! x3; The orc priest shouts! x2
Found a wooden ring and a fizzy white potion.
Found a stone staircase leading up.
There is a stone staircase leading up here.
There are monsters nearby!
You closely miss the orc priest. Your grab misses the orc priest.
The orc priest misses you.
Unknown command.
It was a potion of curing.
You feel better.
The orc priest hits you with a +0 hand axe!
You block the orc priest's attack.
You barely miss the orc priest. You grab the orc priest.
You squeeze the orc priest.
The orc priest is lightly wounded.
You closely miss the orc priest. You constrict the orc priest.
The orc priest closely misses you.
The orc priest hits you with a +0 hand axe!
Unknown command.
You hit the orc priest. Your grab misses the orc priest.
You squeeze the orc priest!
You kill the orc priest!
You slash the orc! You slash the orc priest! You constrict the orc priest.
You kill the orc priest!
You block the orc's attack. The orc hits you with a +3 dagger!
* * * LOW HITPOINT WARNING * * *
The orc hits you with a +0 short sword.
* * * LOW HITPOINT WARNING * * *
Your Axes skill increases to level 5!
You have reached level 5!
You feel agile.
You closely miss the orc. You grab the orc.
The orc is almost dead.
You hit the orc. You barely miss the orc. You constrict the orc.
You kill the orc!
An orc comes into view. It is wielding a +0 dagger.
The orc hits you with a +0 short sword.
You die...

.. ....# ..#..
...##...##.....
#..#...........
#..............
#...........=.
.#.............
.#.............
#....)@...<...
#....oBo......
#.............
#.............
#.............
#.............
#.....##!.....
#...## #.o...


You could see 3 orcs and a giant cockroach.

Vanquished Creatures
  2 orc priests (D:4)
  Ijyb (D:3)
  Jessica (D:2)
  An adder (D:2)
  2 orcs
  5 ball pythons
  7 endoplasms
  6 goblins
  6 hobgoblins
  A kobold (D:3)
  3 quokkas
  4 bats
  A frilled lizard (D:2)
  3 rats
43 creatures vanquished.

Notes
Turn   | Place    | Note
-------+----------+-------------------------------------------
     0 | D:1      | Kurtz the Octopode Fighter began the quest for the Orb.
     0 | D:1      | Reached XP level 1. HP: 16/16 MP: 1/1
   242 | D:1      | Reached XP level 2. HP: 15/21 MP: 2/2
   542 | D:1      | Reached skill level 3 in Axes
   795 | D:2      | Noticed Jessica
   800 | D:2      | Reached XP level 3. HP: 5/26 MP: 3/3
   802 | D:2      | Killed Jessica
   803 | D:2      | Reached skill level 4 in Axes
  1018 | D:2      | Reached XP level 4. HP: 29/31 MP: 4/4
  1306 | D:2      | Found a faded altar of an unknown god.
  1587 | D:2      | Noticed Sigmund
  1733 | D:2      | Found Melyr's Antique Weapon Emporium.
  1963 | D:3      | Noticed Ijyb
  1972 | D:3      | Killed Ijyb
  2076 | D:4      | Reached skill level 5 in Axes
  2076 | D:4      | Reached XP level 5. HP: 3/36 MP: 5/5
  2076 | D:4      | Slain by an orc

Illustrated notes

Levels and vault maps discovered:
D:1:      zelgadis_glass_arrival_large, layout_basic
D:2:      layout_loops_ring, serial_shops, nicolae_shop_advertising_works
          [nicolae_subvault_shop_adworks],
          dreamdust_ecumenical_altar_angels_and_demons,
          minmay_stone_trees_small, uniq_jessica, uniq_sigmund
D:3:      layout_basic, pf_just_have_faith, minmay_circle_x, uniq_ijyb
D:4:      layout_cave_pools, minmay_temple_entry_from_below_a,
          chequers_serial_rivers_large_b

Skill      XL: |  1  2  3  4 |
---------------+-------------+-----
Axes           | 3 4 5 |  5.5
Fighting       | |  3.0
Dodging        | |  3.0
Shields        | |  3.0

Action                     |  1- 3 |  4- 6 || total
---------------------------+-------+-------++-------
  Melee: War axe           |    35 |    48 ||    83
         Constrict         |     7 |    13 ||    20
         Tentacles         |     5 |     9 ||    14
         Punch             |     1 |     1 ||     2
    Use: Potion            |       |     1 ||     1
   Stab: Sleeping          |     5 |     9 ||    14
 Armour: Skin              |    13 |    25 ||    38
  Dodge: Dodged            |    25 |    25 ||    50
  Block: Buckler           |     6 |     9 ||    15

Table legend: (Time is in decaauts)
 A = Elapsed time spent in this place.
 B = Non-inter-level travel time spent in this place.
 C = Inter-level travel time spent in this place.
 D = Time resting spent in this place.
 E = Time spent auto-exploring this place.
 F = Levels seen in this place.
 G = Mean time per level.
                   A        B        C        D        E       F      G
               +--------+--------+--------+--------+--------+-----+--------+
         Total |   2105 |   2039 |     66 |    258 |   1452 |   4 |  526.2 |
       Dungeon |   2105 |   2039 |     66 |    258 |   1452 |   4 |  526.2 |
               +--------+--------+--------+--------+--------+-----+--------+

Top non-repeatable levels by time:
     D:2: 979 daAuts
     D:1: 871 daAuts
     D:3: 249 daAuts
     D:4: 5 daAuts
